 Dungeon Crawl Stone Soup version 0.22.1-1-ga44c0e56f4 (webtiles) character file.

1062 Mysteryquy the Shield-Bearer (level 8, -2/48 HPs)
             Began as a Gargoyle Fighter on Oct 17, 2018.
             Was a Follower of Makhleb.
             Splashed by Ijyb's acid (11 damage)
             ... on level 4 of the Dungeon.
             The game lasted 00:09:05 (3848 turns).

Mysteryquy the Shield-Bearer (Gargoyle Fighter)     Turns: 3848, Time: 00:09:05

Health: -2/48      AC: 10    Str: 21    XL:     8   Next: 27%
Magic:  8/8        EV:  9    Int: 10    God:    Makhleb [*.....]
Gold:   154        SH: 10    Dex:  9    Spells: 7/7 levels left

rFire    . . .     SeeInvis .   a - +0 flail
rCold    . . .     Gourm    .   c - +0 shield
rNeg     + . .     Faith    .   b - +0 scale mail
rPois    ∞         Spirit   .   (no helmet)
rElec    +         Reflect  .   o - +0 cloak
rCorr    .         Harm     .   (no gloves)
MR       .....                  (no boots)
Stlth    ..........             (no amulet)
HPRegen  0.16/turn              (no ring)
MPRegen  0.11/turn              (no ring)

@: corroded
A: negative energy resistance 1, electricity resistance, unbreathing,
petrification resistance, rot immunity, AC +5
a: Renounce Religion


You were on level 4 of the Dungeon.
You worshipped Makhleb.
Makhleb was aware of your devotion.
You were not hungry.

You visited 1 branch of the dungeon, and saw 4 of its levels.

You collected 154 gold pieces.

Inventory:

Hand Weapons
 a - a +0 flail (weapon)
Armour
 b - a +0 scale mail (worn)
 c - a +0 shield (worn)
 o - a +0 cloak (worn)
Jewellery
 k - an uncursed ring of stealth {unknown}
Wands
 v - a wand of flame (13)
 y - a wand of random effects (20)
Scrolls
 e - a scroll of magic mapping {unknown}
 h - 5 scrolls of teleportation {unknown}
 i - 7 scrolls of identify {unknown}
 j - 2 scrolls of amnesia {unknown}
 l - 2 scrolls of fog {unknown}
 m - a scroll of enchant armour {unknown}
 p - 2 scrolls of noise {unknown}
 q - 2 scrolls of random uselessness {unknown}
 s - a scroll of blinking {unknown}
 t - a scroll of fear {unknown}
 u - 2 scrolls of remove curse {unknown}
Potions
 d - a potion of might
 g - 2 potions of magic {unknown}
 n - a potion of invisibility
 r - 3 potions of curing {unknown}
 w - 2 potions of flight {unknown}
 z - a potion of heal wounds {unknown}
Comestibles
 f - 14 rations
 x - a chunk of flesh


   Skills:
 + Level 4.6 Fighting
 + Level 6.1 Maces & Flails
 + Level 4.9 Armour
 + Level 2.2 Dodging
 + Level 0.2 Stealth
 + Level 6.3 Shields


You had 7 spell levels left.
You didn't know any spells.
Your spell library was empty.

Dungeon Overview and Level Annotations

Branches:
Dungeon (4/15)
 Temple: D:4-7

Altars:
Makhleb
Qazlal
Uskayaw

Annotations:
D:4 Ijyb


Innate Abilities, Weirdness & Mutations

You are resistant to torment.
Your stone body is resilient. (AC +5)
You are immune to poison.
You resist negative energy. (rN+)
You are resistant to electric shocks. (rElec)
You can survive without breathing.
You are immune to petrification.
You are immune to rotting.


Message History

You butcher the adder corpse.
x - 2 chunks of flesh You see here an adder skeleton.
Eat one of 2 chunks of flesh? (ye/n/q)
You eat one of the 2 chunks of flesh.
This raw flesh tastes terrible.
g - 2 grey potions (gained 1)
Things that are here:
a rapier; a leather armour; the human corpse of Eustachio
y - a wand of random effects (20)
i - 7 scrolls labeled WAKUFA VAQI (gained 1) Ijyb the Twisted Goblin comes into view.
She is wielding an enchanted club.
Ijyb shouts!
You block Ijyb's attack.
You closely miss Ijyb.
Ijyb zaps a wand.
The bolt of acid hits you! The acid corrodes you!
You are splashed with acid!
The acid burns!
It is a wand of acid (3).
You hit Ijyb but do no damage.
Ijyb zaps a wand.
The bolt of acid hits you!
* * * LOW HITPOINT WARNING * * *
You are splashed with acid!
The acid burns!
You die...

.#..........................##...
#..............#...........#####
..#............#...........#
...#............#...........#
...................#
..#####.############ #.# #.###
#@..# #.g...# ##......# #.....#
#..... ##... #.# ##


You could see Ijyb.

Vanquished Creatures
  Grinder (D:3)
  Eustachio (D:4)
  Menkaure (D:4)
  A scorpion (D:4)
  A howler monkey (D:3)
  4 orc priests
  A hound (D:4)
  3 orc wizards
  Terence (D:3)
  A worker ant (D:4)
  Natasha (thrice) (D:3)
  8 adders
  2 adder skeletons (D:4)
  5 worms
  4 dart slugs
  4 leopard geckos
  18 orcs
  A giant cockroach (D:2)
  13 goblins
  10 hobgoblins
  2 quokkas
  8 bats
  5 frilled lizards
  4 kobolds
  A leopard gecko skeleton (D:3)
  8 rats
111 creatures vanquished.

Notes
Turn   | Place    | Note
-------+----------+-------------------------------------------
     0 | D:1      | Mysteryquy the Gargoyle Fighter began the quest for the
                  | Orb.
     0 | D:1      | Reached XP level 1. HP: 14/14 MP: 1/1
   127 | D:1      | Reached XP level 2. HP: 19/19 MP: 2/2
   530 | D:2      | Reached XP level 3. HP: 23/23 MP: 3/3
   840 | D:2      | Noticed a dagger
   840 | D:2      | Noticed a hand axe
   841 | D:2      | Found a hide-covered altar of Uskayaw.
  1024 | D:2      | Reached XP level 4. HP: 29/29 MP: 4/4
  1550 | D:3      | Noticed Terence
  1565 | D:3      | Killed Terence
  1565 | D:3      | Reached XP level 5. HP: 33/33 MP: 5/5
  1626 | D:3      | Noticed Natasha
  1653 | D:3      | Killed Natasha
  1679 | D:3      | Reached skill level 1 in Dodging
  1866 | D:3      | Reached XP level 6. HP: 38/38 MP: 6/6
  2281 | D:3      | Found a burning altar of Makhleb.
  2281 | D:3      | Noticed Natasha
  2294 | D:3      | Killed Natasha
  2346 | D:3      | Became a worshipper of Makhleb the Destroyer
  2552 | D:3      | Noticed Natasha
  2573 | D:3      | Killed Natasha
  2615 | D:3      | Reached skill level 5 in Shields
  2765 | D:3      | Reached XP level 7. HP: 41/43 MP: 7/7
  2829 | D:3      | Noticed Grinder
  2832 | D:3      | Paralysed by Grinder for 7 turns
  2850 | D:3      | Killed Grinder
  2850 | D:3      | Reached skill level 5 in Maces & Flails
  3050 | D:4      | Reached * piety under Makhleb
  3160 | D:4      | Noticed Menkaure
  3169 | D:4      | Killed Menkaure
  3484 | D:4      | Reached XP level 8. HP: 30/48 MP: 8/8
  3678 | D:4      | Found a stormy altar of Qazlal.
  3695 | D:4      | Noticed Eustachio
  3782 | D:4      | Killed Eustachio
  3843 | D:4      | Noticed Ijyb
  3848 | D:4      | Splashed by Ijyb's acid

Skill      XL: |  1  2  3  4  5  6  7  8 |
---------------+-------------------------+-----
Shields        | 4 5 6 |  6.3
Maces & Flails | 3 4 5 6 |  6.1
Dodging        | 1 2 |  2.2
Armour         | 4 |  4.9
Fighting       | 4 |  4.6
Stealth        | |  0.2

Action                   |  1- 3 |  4- 6 |  7- 9 || total
-------------------------+-------+-------+-------++-------
Melee: Flail             |   100 |   335 |   188 ||   623
  Use: Potion            |       |       |     1 ||     1
  Eat: Chunk             |       |     7 |     4 ||    11
Armor: Scale mail        |    56 |   190 |   125 ||   371
Dodge: Dodged            |    25 |   127 |    84 ||   236
Block: Shield            |    51 |   209 |   136 ||   396
